 Dungeon Crawl Stone Soup version 0.29.1-15-g9cfb28693d (webtiles) character file.

Game seed: 10269298952088081196

46 Nehushtan the Conjurer (level 3, -1/28 HPs)
             Began as a Draconian Conjurer on Apr 18, 2023.
             Succumbed to Sigmund's poison
             ... on level 2 of the Dungeon.
             The game lasted 00:04:42 (937 turns).

Nehushtan the Conjurer (Draconian Conjurer)          Turns: 937, Time: 00:04:42

Health: -1/28      AC:  5    Str: 15    XL:     3   Next: 44%
Magic:  2/6        EV: 12    Int: 20    God:
Gold:   77         SH:  0    Dex:  9    Spells: 3/6 levels left

rFire   . . .      SeeInvis .   f - +0 dagger (venom)
rCold   . . .      Faith    .   (no shield)
rNeg    . . .      Spirit   .   (body armour unavailable)
rPois   .          Reflect  .   (helmet restricted)
rElec   .          Harm     .   (no cloak)
rCorr   .          Rampage  .   (no gloves)
Will    .....                   (no boots)
Stlth   ++........              (no amulet)
HPRegen 0.09/turn               c - +6 ring of strength
MPRegen 0.10/turn               (no ring)

@: lethally poisoned (-1 -> -12)
A: AC +5, unfitting armour, cold-blooded, beak
a: no special abilities


You were on level 2 of the Dungeon.
You visited 1 branch of the dungeon, and saw 3 of its levels.

You collected 77 gold pieces.

Inventory:

Hand Weapons
 a - a +0 sling of chaos
 f - a +0 dagger of venom (weapon)
Missiles
 d - 4 javelins
Jewellery
 c - a +6 ring of strength (left hand)


   Skills:
 * Level 1.0 Fighting
 * Level 0.6 Ranged Weapons
 * Level 1.9 Dodging
 * Level 2.0 Stealth
 * Level 2.2 Spellcasting
 * Level 4.6 Conjurations


You had 3 spell levels left.
You knew the following spells:

 Your Spells              Type           Power      Damage    Failure   Level
a - Magic Dart            Conj           80%        1d7       2%          1
b - Searing Ray           Conj           40%        2d5       3%          2

Your spell library contained the following spells:

 Spells                   Type           Power      Damage    Failure   Level
 Dazzling Flash           Conj/Hex       22%        N/A       19%         3
 Fulminant Prism          Conj/Hex       5%         3d7       52%         4
 Iskenderun's Mystic Bla  Conj/Tloc      11%        2d4       52%         4


Dungeon Overview and Level Annotations

Branches:
Dungeon (3/15)

Altars:

Annotations:
D:2 Sigmund


Innate Abilities, Weirdness & Mutations

Your plain brown scales are hard. (AC +5)
You cannot fit into any form of body armour.
You are cold-blooded and may be slowed by cold attacks.
You have a beak for a mouth.


Message History

The adder attacks as you move away! The adder bites you.
You feel very sick. The adder closely misses you.
The hobgoblin attacks as you move away!
The hobgoblin hits you but does no damage.
You feel sick. The hobgoblin attacks as you move away!
The hobgoblin hits you but does no damage.
You feel sick.
You feel sick. The adder bites you but does no damage.
The hobgoblin attacks as you move away! The hobgoblin misses you.
You feel sick.
You feel sick. The adder attacks as you move away!
The adder closely misses you. The hobgoblin attacks as you move away!
The hobgoblin hits you but does no damage.
You feel sick. The adder attacks as you move away! The adder barely misses you.
You feel sick.
You are no longer poisoned.
The adder bites you.
You are poisoned.
The adder poisons you! The hobgoblin attacks as you move away!
The hobgoblin hits you.
* * * LOW HITPOINT WARNING * * *
The adder attacks as you move away! The adder barely misses you.
* * * LOW HITPOINT WARNING * * *
You feel sick.
You see here a quokka corpse.
It was a potion of mutation.
You feel extremely strange.
Your mouth lengthens and hardens into a beak!
You feel sick. The hobgoblin barely misses you. The adder barely misses you.
Sigmund hits you from afar with a +4 scythe of venom.
* * * LOW HITPOINT WARNING * * *
You are more poisoned.
Unknown command.
It was a potion of cancellation.
Your magical effects are unravelling.
You feel magically purged.
Your hearing returns.
You die...

.######...#####..#######
..........#####........# ..###
#####......<#........# ###....#
........#.#####........# #.g..#.#
.#####....#............# #......
.#....#.#>##.###.......# #....#
.#.#....#.†..[##.####### #....# .
......#.##...#.#########....#.#
........#.......@g@.g............
.#......#.#......S............#.#
..<.....#.########........###.#
#.####..#.......##........# .#
........#.......##...###.## #
#.####.###......####...#.#
#.#.............# ###.#(#
#.#..#.##.#.##### ...#
#.#..#..#.#.# ...


You could see Sigmund, an adder and 2 hobgoblins.

Vanquished Creatures
  Robin (D:2)
  An adder (D:2)
  A dart slug (D:1)
  2 ball pythons (D:1)
  An endoplasm (D:1)
  A giant cockroach (D:2)
  4 goblins (D:2)
  5 hobgoblins
  A kobold (D:1)
  A quokka (D:2)
  2 frilled lizards (D:1)
  A rat (D:1)
21 creatures vanquished.

Notes
Turn   | Place    | Note
-------+----------+-------------------------------------------
     0 | D:1      | Nehushtan the Draconian Conjurer began the quest for the
                  | Orb.
     0 | D:1      | Reached XP level 1. HP: 14/14 MP: 3/3
   485 | D:1      | Reached XP level 2. HP: 20/20 MP: 5/5
   493 | D:1      | Learned a level 2 spell: Searing Ray
   527 | D:2      | Noticed Robin
   533 | D:2      | Killed Robin
   583 | D:1      | Reached XP level 3. HP: 27/27 MP: 1/6
   744 | D:2      | Reached skill level 1 in Fighting
   920 | D:2      | Noticed Sigmund
   936 | D:2      | Gained mutation: You have a beak for a mouth. [potion of
                  | mutation]
   936 | D:2      | HP: 1/28 [Sigmund/+4 scythe of venom (3)]
   937 | D:2      | Succumbed to Sigmund's poison

Illustrated notes

Levels and vault maps discovered:
D:1:      amcnicky_arrival_double_pillar, layout_basic, dk_noncrumbling_4
D:2:      layout_basic, grunt_ministairs_3, minmay_misc_feat_doors,
          uniq_natasha, uniq_sigmund, uniq_robin
D:3:      layout_basic

Skill      XL: |  1  2  3 |
---------------+----------+-----
Fighting       | 1 |  1.0
Stealth        | 2 |  2.0
Ranged Weapons | |  0.6
Dodging        | |  1.9
Spellcasting   | |  2.2
Conjurations   | |  4.6

Action                   || total
-------------------------++-------
Melee: Unarmed           ||     2
       Tailslap          ||     2
 Fire: Sling             ||    11
 Cast: Magic Dart        ||    13
       Searing Ray       ||     9
  Use: Potion            ||     3
       Scroll            ||     3
Armor: Skin              ||     8
Dodge: Dodged            ||    18
